cohdb
Replays
Latest Replays
All Replays
Popular Replays
Top Player Replays
Match Explorer
How It Works
Community
CoH3 Stats
Reddit
Sign in to upload your games and track your stats! →
Sign in with Steam
Match 42451716
Unlisted
Match 42451716
Overview
Messages
Build Orders
End
Royal Engineer Section
Construct Section Command Post
Infantry Section
Selects Heavy Armor Battlegroup
Infantry Section
Infantry Section
Construct Platoon Command Post
Humber Armored Car
Infantry Training
Construct Field Infirmary
6-pounder Anti-tank Gun Team
Construct Company Command Post
Crusader II Medium Tank
Infantry Section
Foot Guards Section
Selects Light Vehicle Withdraw and Refit
Selects Radio Net
Selects Designate Targets
Grenade Package
Crusader II Medium Tank
Selects Rigorous Vehicle Training
Selects Forward Repair Assembly
Crusader II Medium Tank
Designate Targets
Unlock M3 Grant Medium Tanks
M3 Grant Medium Tank
M3 Grant Medium Tank
코끼리
Brother
0
0
Comments
sign in to comment!
No comments posted yet!